 Dungeon Sprint DCSS version 0.15-a0-809-g8e1b895 (webtiles) character file.

16543 BluebellGnoll the Minotaur Blade (level 12, 0/110 HPs)
             Began as a Minotaur Fighter on May 14, 2014.
             Was the Champion of Makhleb.
             Slain by an ice devil (9 damage)
             ... summoned by a greater mummy
             ... in the Dungeon (Sprint V: "Ziggurat Sprint").
             The game lasted 00:20:38 (830 turns).

BluebellGnoll the Minotaur Blade (Minotaur Fighter)  Turns: 830, Time: 00:20:38

HP   0/110       AC 24     Str 25      XL: 12   Next: 11%
MP  20/23        EV  8     Int  5      God: Makhleb [******]
Gold 0           SH 59     Dex 20      Spells:  0 memorised, 11 levels left

rFire  + + .     SeeInvis +     b - +7 Screaming Sword
rCold  + . .     Clarity  .     L - +5 gold dragon armour
rNeg   + . .     Conserve .     M - +27 shield of the gong {rElec rN+ MR+ EV-5}
rPois  +         rCorr    .     (helmet restricted)
rElec  +         rRot     .     (no cloak)
SustAb . .       Spirit   .     (no gloves)
rMut   .         Warding  .     (no boots)
Gourm  .         NoTele   +     (no amulet)
MR     +....                    a - ring of Chiqoimy {+Blink EV+4 Dam+6}
                                s - ring "Bousiyma" {+Inv +Fly rPois rF+ Dex+4 SInv Stlth-}

@: agile, very slightly contaminated, somewhat resistant to hostile
enchantments, extremely unstealthy
A: retaliatory headbutt, horns 2
a: Minor Destruction, Lesser Servant of Makhleb, Major Destruction, Greater
Servant of Makhleb, Renounce Religion, Evoke Blink, Evoke Invisibility, Evoke
Flight


You were in the Dungeon.
You worshipped Makhleb.
Makhleb was exalted by your worship.
You were full.

You visited 1 branch

Inventory:

Hand weapons
 b - the +7,+7 Screaming Sword (weapon)
   (You found it in the Dungeon)
 c - a +6,+7 demon blade of slicing
Armour
 L - a +5 gold dragon armour (worn)
 M - the +27 shield of the gong (worn) {rElec rN+ MR+ EV-5}
   (You found it in the Dungeon)

   It affects your evasion (-5).
   It insulates you from electricity.
   It protects you from negative energy.
   It affects your resistance to hostile enchantments.
Magical devices
 l - a wand of disintegration (7)
 m - a wand of fire (5)
 n - a wand of cold (5)
 o - a wand of draining (5)
Comestibles
 d - 5 bread rations
 w - 12 strawberries
 x - 4 meat rations
Scrolls
 k - 4 scrolls of blinking
 y - 4 scrolls of amnesia
 z - 3 scrolls of recharging
 A - 7 scrolls of fog
 B - a scroll of holy word
 C - 3 scrolls of identify
 D - 5 scrolls of remove curse
 E - 2 scrolls of fear
Jewellery
 a - the ring of Chiqoimy (right hand) {+Blink EV+4 Dam+6}
   (You found it in the Dungeon)

   [ring of evasion]

   It affects your evasion (+4).
   It affects your damage with ranged weapons and melee attacks (+6).
   It lets you blink.
 r - a cursed ring of positive energy
 s - the ring "Bousiyma" (left hand) {+Inv +Fly rPois rF+ Dex+4 SInv Stlth-}
   (You found it in the Dungeon)

   [ring of see invisible]

   It affects your dexterity (+4).
   It protects you from fire.
   It protects you from poison.
   It enhances your eyesight.
   It lets you turn invisible.
   It lets you fly.
   It makes you less stealthy.
 t - a +6 ring of strength
 Q - the cursed ring of Smairchi {rF+ AC-2}
   (You found it in the Dungeon)

   [ring of protection]

   It affects your AC (-2).
   It protects you from fire.
   It has a curse placed upon it.
Potions
 e - 5 potions of might
 f - 10 potions of curing
 g - 10 potions of heal wounds
 h - 7 potions of haste
 i - 7 potions of magic
 j - 3 potions of berserk rage
 u - a potion of blood
 F - 2 potions of brilliance
 G - 2 potions of invisibility
 H - 2 potions of restore abilities
 I - 4 potions of resistance
 K - 4 potions of agility
Miscellaneous
 p - a stone of tremors
 v - a disc of storms
 J - a disc of storms
 N - an ornate deck of summonings {the Crusade}
 O - a plain deck of war {Flight}
 P - a stone of tremors
 R - a stone of tremors (inert)
 S - a fan of gales
 T - a plain deck of destruction


   Skills:
 - Level 11.5 Fighting
 + Level 21.0 Long Blades
 * Level 13.2 Armour
 - Level 16.7 Shields
 - Level 9.4 Invocations
 * Level 11.2 Evocations


You had 11 spell levels left.
You didn't know any spells.

Dungeon Overview and Level Annotations

Branches:
Dungeon (1/1)

Altars:
Ashenzari
Cheibriados
Dithmenos
Elyvilon
Fedhas
Gozag
Kikubaaqudgha
Makhleb
Nemelex Xobeh
Okawaru
Qazlal
Sif Muna
Trog
Vehumet
Xom
Yredelemnul
Zin
The Shining One
Beogh
Jiyva
Lugonu


Innate Abilities, Weirdness & Mutations

You reflexively headbutt those who attack you in melee.
You have a pair of horns on your head.


Message History

The ice devil is lightly wounded.
The falling rubble hits the greater mummy.
The greater mummy is heavily damaged.
The falling rubble hits your earth elemental.
Your earth elemental is heavily damaged.
The falling rubble hits the orange demon.
The orange demon is moderately wounded.
The falling rubble hits the freezing wraith.
You destroy the freezing wraith!
The rubble rises up and takes form.
The Screaming Sword teaches, "Practice makes perfect!"
The monsters around you reel from the noise!
The greater mummy hits you.
* * * LOW HITPOINT WARNING * * *
You block the orange demon's attack.
GONNNNG!
The ice devil hits you.
* * * LOW HITPOINT WARNING * * *
The ice devil freezes you! You resist.
You die...

.M[. .▓...8©8...▓..
.......M..▓..:.:=)..▓..
...........▓...):)...▓..
..........M▓.........▓..
........ .▓.........▓..
▓..... .▓.........▓..
▓▓.MW▓▓▓.▓.........▓..
▓..▓.E.}3▓..▓.▓.....▓.▓.▓
▓....§E)@M4.▓.........▓..
▓▓▓▓▓▓▓▓▓▓▓▓▓▓▓▓▓▓▓▓▓▓▓▓▓
▓...8©8...▓...8©8...▓...8
▓..|)=[!).▓..|.[:)..▓..))
▓..|:.[|..▓......|..▓....
▓.........▓.........▓....
▓.........▓.........▓....
▓.........▓.........▓....
▓..)......▓.........▓....


You could see a greater mummy, an ice devil, an orange demon, an earth
elemental, a guardian mummy, a freezing wraith and a friendly earth elemental.

Vanquished Creatures
  A vampire knight (D)
  A blizzard demon (D)
  A mummy priest (D)
  A vampire mage (D)
  A spriggan (D)
  3 skeletal warriors (D)
  A shadow wraith (D)
  A tormentor (D)
  A komodo dragon (D)
  A deep elf priest (D)
  3 freezing wraiths (D)
  5 guardian mummies (D)
  6 merfolk (D)
  A giant firefly (D)
  4 slime creatures (D)
  A basilisk (D)
  5 toenail golems (D)
  A shadow (D)
  A yak (D)
  A deep elf mage (D)
  A tarantella (D)
  A hungry ghost (D)
  A deep elf fighter (D)
  A hippogriff (D)
  A porcupine (D)
  2 wolves (D)
  3 orc warriors (D)
  4 black bears (D)
  2 phantoms (D)
  An ice beast (D)
  2 necrophages (D)
  2 giant frogs (D)
  2 wights (D)
  A scorpion (D)
  An orc wizard (D)
  An orc priest (D)
  3 sheep (D)
  A mummy (D)
  2 white imps (D)
  2 giant mites (D)
  An adder zombie (D)
  An ooze (D)
  An orc (D)
  A bat zombie (D)
  A jackal (D)
  2 goblin skeletons (D)
  A goblin zombie (D)
  A hobgoblin zombie (D)
  2 kobold skeletons (D)
  2 rat skeletons (D)
  A rat zombie (D)
  A fungus (D)
89 creatures vanquished.

Vanquished Creatures (collateral kills)
  A greater mummy (D)
  A flying skull (D)
2 creatures vanquished.

Grand Total: 91 creatures vanquished

Notes
Turn   | Place    | Note
--------------------------------------------------------------
     0 | D        | BluebellGnoll, the Minotaur Fighter, began the quest for the Orb.
     0 | D        | Reached XP level 1. HP: 19/19 MP: 1/1
     0 | D        | Found a roughly hewn altar of Beogh.
     0 | D        | Found a corrupted altar of Lugonu.
     1 | D        | Found a white marble altar of Elyvilon.
     2 | D        | Found a sparkling altar of Nemelex Xobeh.
     2 | D        | Found a burning altar of Makhleb.
     2 | D        | Found a deep blue altar of Sif Muna.
     3 | D        | Found a bloodstained altar of Trog.
     6 | D        | Found an iron altar of Okawaru.
    13 | D        | Found a radiant altar of Vehumet.
    15 | D        | Became a worshipper of Makhleb the Destroyer
    17 | D        | Found a basalt altar of Yredelemnul.
    18 | D        | Found an ancient bone altar of Kikubaaqudgha.
    18 | D        | Found a shimmering altar of Xom.
   152 | D        | Reached skill level 9 in Armour
   152 | D        | Reached XP level 2. HP: 26/26 MP: 1/1
   156 | D        | Entered arena 1.
   156 | D        | Noticed a slime creature
   156 | D        | Noticed a slime creature
   163 | D        | Killed a slime creature
   163 | D        | Reached skill level 11 in Long Blades
   163 | D        | Reached XP level 3. HP: 23/31 MP: 2/2
   163 | D        | Reached XP level 4. HP: 28/39 MP: 2/2
   163 | D        | Reached XP level 5. HP: 32/45 MP: 2/2
   166 | D        | Killed a slime creature
   166 | D        | Reached XP level 6. HP: 31/51 MP: 3/3
   290 | D        | Entered arena 2.
   290 | D        | Noticed a slime creature
   290 | D        | Noticed a slime creature
   294 | D        | Killed a slime creature
   294 | D        | Acquired Makhleb's first power
   294 | D        | Reached skill level 12 in Long Blades
   294 | D        | Reached XP level 7. HP: 56/63 MP: 3/3
   300 | D        | Killed a slime creature
   300 | D        | Reached skill level 13 in Long Blades
   342 | D        | Entered arena 3.
   342 | D        | Noticed a tarantella
   342 | D        | Noticed a scorpion
   348 | D        | Killed a tarantella
   348 | D        | Acquired Makhleb's second power
   352 | D        | Killed a scorpion
   354 | D        | Acquired Makhleb's third power
   361 | D        | Got the ring of Chiqoimy {+Blink EV+4 Dam+6}
   367 | D        | Entered arena 4.
   367 | D        | Noticed a deep elf fighter
   367 | D        | Noticed a deep elf mage
   367 | D        | Noticed a deep elf priest
   370 | D        | Killed a deep elf mage
   370 | D        | Reached XP level 8. HP: 77/77 MP: 3/6
   372 | D        | Killed a deep elf priest
   374 | D        | Killed a deep elf fighter
   374 | D        | Acquired Makhleb's fourth power
   374 | D        | Reached skill level 5 in Invocations
   374 | D        | Reached skill level 5 in Evocations
   382 | D        | Got the ring of Kharihez {Dex+5 Stlth-}
   431 | D        | Entered arena 5.
   431 | D        | Noticed a toenail golem
   431 | D        | Noticed a toenail golem
   431 | D        | Noticed a toenail golem
   431 | D        | Noticed a toenail golem
   431 | D        | Noticed a toenail golem
   435 | D        | Killed a toenail golem
   435 | D        | Reached skill level 14 in Long Blades
   435 | D        | Reached skill level 10 in Shields
   440 | D        | Killed a toenail golem
   443 | D        | Killed a toenail golem
   446 | D        | Killed a toenail golem
   446 | D        | Reached skill level 15 in Long Blades
   446 | D        | Reached XP level 9. HP: 82/82 MP: 12/15
   450 | D        | Killed a toenail golem
   459 | D        | Entered arena 6.
   459 | D        | Noticed a phantom
   459 | D        | Noticed a necrophage
   459 | D        | Noticed a phantom
   465 | D        | Killed a necrophage
   471 | D        | Killed a phantom
   473 | D        | Killed a phantom
   474 | D        | Acquired Makhleb's fifth power
   487 | D        | Entered arena 7.
   487 | D        | Noticed an orc wizard
   487 | D        | Noticed an orc priest
   487 | D        | Noticed an orc warrior
   487 | D        | Noticed an orc warrior
   487 | D        | Noticed an orc warrior
   492 | D        | Killed an orc wizard
   494 | D        | Killed an orc priest
   496 | D        | Killed an orc warrior
   496 | D        | Reached skill level 16 in Long Blades
   499 | D        | Killed an orc warrior
   506 | D        | Killed an orc warrior
   520 | D        | Got the ring "Bousiyma" {+Inv +Fly rPois rF+ Dex+4 SInv Stlth-}
   541 | D        | Entered arena 8.
   541 | D        | Noticed a wolf
   541 | D        | Noticed a wolf
   541 | D        | Noticed a black bear
   541 | D        | Noticed a black bear
   541 | D        | Noticed a black bear
   541 | D        | Noticed a spriggan rider
   541 | D        | Noticed a black bear
   544 | D        | Killed a wolf
   548 | D        | Killed a spriggan rider
   548 | D        | Killed a giant firefly
   548 | D        | Reached skill level 10 in Fighting
   550 | D        | Killed a black bear
   551 | D        | Killed a wolf
   554 | D        | Killed a black bear
   554 | D        | Reached XP level 10. HP: 94/94 MP: 16/16
   557 | D        | Killed a black bear
   558 | D        | Killed a black bear
   582 | D        | Entered arena 9.
   582 | D        | Noticed a giant frog
   582 | D        | Noticed a komodo dragon
   582 | D        | Noticed a giant frog
   582 | D        | Noticed a yak
   582 | D        | Noticed a basilisk
   582 | D        | Noticed a porcupine
   589 | D        | Killed a giant frog
   593 | D        | Killed a giant frog
   595 | D        | Killed a porcupine
   599 | D        | Killed a basilisk
   609 | D        | Killed a komodo dragon
   611 | D        | Killed a yak
   631 | D        | Entered arena 10.
   631 | D        | Noticed a merfolk
   631 | D        | Noticed a hippogriff
   631 | D        | Noticed a merfolk
   631 | D        | Noticed a merfolk
   631 | D        | Noticed a merfolk
   631 | D        | Noticed a merfolk
   631 | D        | Noticed a merfolk
   634 | D        | Killed a hippogriff
   637 | D        | Killed a merfolk
   640 | D        | Killed a merfolk
   644 | D        | Killed a merfolk
   648 | D        | Killed a merfolk
   648 | D        | Reached skill level 15 in Shields
   651 | D        | Killed a merfolk
   651 | D        | Reached skill level 17 in Long Blades
   660 | D        | Killed a merfolk
   698 | D        | Entered arena 11.
   698 | D        | Noticed a wight
   698 | D        | Noticed a skeletal warrior
   698 | D        | Noticed a skeletal warrior
   698 | D        | Noticed a vampire mage
   698 | D        | Noticed a vampire knight
   698 | D        | Noticed a wight
   701 | D        | Killed a vampire knight
   709 | D        | Killed a vampire mage
   709 | D        | Reached skill level 18 in Long Blades
   709 | D        | Reached XP level 11. HP: 102/102 MP: 18/20
   711 | D        | Killed a wight
   718 | D        | Killed a wight
   728 | D        | Killed a skeletal warrior
   730 | D        | Killed a skeletal warrior
   750 | D        | Got the cursed ring of Smairchi {rF+ AC-2}
   755 | D        | Entered arena 12.
   755 | D        | Noticed a tormentor
   755 | D        | Noticed a hungry ghost
   755 | D        | Noticed a freezing wraith
   755 | D        | Noticed a skeletal warrior
   755 | D        | Noticed an ice beast
   756 | D        | Noticed a shadow
   762 | D        | Killed a hungry ghost
   770 | D        | Killed a tormentor
   770 | D        | Reached skill level 10 in Armour
   777 | D        | Killed a skeletal warrior
   778 | D        | Killed an ice beast
   781 | D        | Killed a freezing wraith
   781 | D        | Reached skill level 19 in Long Blades
   783 | D        | Killed a shadow
   806 | D        | Entered arena 13.
   806 | D        | Noticed a guardian mummy
   806 | D        | Noticed a greater mummy
   806 | D        | Noticed a guardian mummy
   808 | D        | Noticed a flying skull
   808 | D        | Noticed a greater mummy
   809 | D        | Noticed a guardian mummy
   809 | D        | Noticed a mummy priest
   809 | D        | Noticed a guardian mummy
   810 | D        | Noticed a guardian mummy
   816 | D        | Noticed a guardian mummy
   821 | D        | Killed a flying skull
   823 | D        | Noticed a shadow wraith
   826 | D        | Killed a shadow wraith
   826 | D        | Killed a greater mummy
   826 | D        | Reached skill level 20 in Long Blades
   826 | D        | Reached skill level 10 in Evocations
   828 | D        | Killed a guardian mummy
   828 | D        | Killed a guardian mummy
   829 | D        | Killed a guardian mummy
   829 | D        | Reached XP level 12. HP: 12/110 MP: 20/22
   829 | D        | Killed a guardian mummy
   830 | D        | Killed a guardian mummy
   830 | D        | Killed a mummy priest
   830 | D        | Reached skill level 21 in Long Blades
   830 | D        | Slain by an ice devil

Action                   |  1- 3 |  4- 6 |  7- 9 | 10-12 || total
-------------------------+-------+-------+-------+-------++-------
Melee: Bastard sword     |     6 |     6 |    75 |    60 ||   147
       Demon blade       |       |       |       |    54 ||    54
Invok: Major Destruction |       |       |       |     1 ||     1
       Greater Servant o |       |       |       |     1 ||     1
 Abil: Evoke Invisibilit |       |       |       |     2 ||     2
       Evoke Blink       |       |       |       |     1 ||     1
Evoke: Disc of storms    |       |       |       |     5 ||     5
       Stone of tremors  |       |       |       |     2 ||     2
  Use: Potion            |     1 |       |       |     3 ||     4
       Scroll            |       |       |     1 |     4 ||     5
 Stab: Invisible         |       |       |       |     8 ||     8
